Map: Catalyst LE

Players

Nice - Winner!

  • Race: Protoss Protoss
  • Spawn Location: 11:00

SortOf

  • Race: Zerg Zerg
  • Spawn Location: 5:00

Event: WCS Austin 2018

VOD

Have the link to the VOD?

Description

Time

  • Played on: June 1, 2018, 5:43 p.m.
  • Length: 13:30

All games in this series

Show
View Real Time Build Order
Export as new Build Order

Nice Protoss - Winner!

Build Orders: 1 Gate Expand, Oracle Opening, Phoenix Opening, Chargelot Immortal 

Get SALT Encoding   

  12  0:00  Probe  
  13  0:12  Probe  
  14  0:21  Pylon  
  14  0:25  Probe  
  15  0:36  Probe  
  15  0:40  Gateway  
  16  0:44  Probe  
  16  0:49  Assimilator  
  17  0:53  Probe  
  18  1:05  Probe  
  19  1:17  Probe  
  20  1:27  Nexus  
  20  1:34  Cybernetics Core  
  20  1:38  Probe  
  21  1:44  Assimilator  
  21  1:50  Probe  
  21  1:53  Pylon  
  22  2:02  Adept, Probe  
  23  2:14  Probe  
  26  2:22  Stargate  
  26  2:28  Adept, Probe  
  29  2:35  Warp Gate  
  29  2:36  Probe  
  29  2:40  Probe  
  31  2:46  Probe  
  32  2:52  Probe  
  32  2:55  Adept  
  32  2:57  Probe  
  36  2:59  Phoenix  
  36  3:04  Probe  
  37  3:09  Probe  
  40  3:14  Pylon  
  40  3:16  Oracle, Probe  
  41  3:21  Gateway  
  44  3:29  Probe  
  44  3:31  Probe  
  46  3:38  Pylon  
  46  3:41  Probe  
  47  3:43  Probe  
  47  3:46  Gateway  
  48  3:53  Oracle, Probe  
  49  3:55  Probe  
  53  4:05  Probe  
  53  4:07  Assimilator  
  53  4:08  Probe  
  53  4:09  Assimilator  
  55  4:13  Pylon  
  55  4:17  Probe  
  55  4:20  Probe  
  57  4:31  Nexus  
  57  4:32  Pylon  
  57  4:36  Probe  
  58  4:39  Robotics Facility, Probe  
  59  4:48  Adept x3  
  65  4:55  Shield Battery, Probe  
  66  5:00  Forge  
  66  5:04  Probe  
  67  5:07  Probe  
  67  5:09  Sentry x2  
  67  5:10  Sentry  
  74  5:18  Probe  
  74  5:19  Probe  
  76  5:28  Pylon  
  76  5:30  Probe  
  76  5:31  Protoss Ground Weapons Level 1, Probe  
  76  5:35  Robotics Bay  
  78  5:43  Immortal, Probe x3  
  85  5:55  Gateway  
  85  5:58  Gateway  
  85  6:02  Gateway  
  85  6:03  Gateway  
  85  6:06  Colossus  
  85  6:07  Probe  
  85  6:08  Pylon  
  86  6:14  Probe  
  86  6:15  Gateway, Probe, Extended Thermal Lance  
  88  6:19  Probe  
  88  6:23  Twilight Council  
  95  6:34  Probe x3  
  95  6:36  Sentry  
  95  6:37  Zealot x2  
  104  6:52  Pylon x2  
  104  6:54  Assimilator, Pylon, Warp Prism  
  104  6:59  Assimilator, Photon Cannon  
  106  7:15  Sentry x3  
  112  7:16  Zealot x4  
  120  7:26  Protoss Ground Weapons Level 2  
  120  7:31  Pylon  
  120  7:33  Pylon  
  120  7:34  Stalker  
  120  7:35  Pylon  
  120  7:37  Stalker x3  
  124  7:39  Charge  
  124  7:40  Stalker  
  124  7:41  Zealot  
  132  7:44  Pylon  
  132  7:46  Pylon  
  132  7:49  Observer  
  132  7:54  Stalker x2  
  137  7:59  Zealot  
  139  8:17  Stalker x2, Zealot x2  
  139  8:18  Zealot x3  
  153  8:23  Probe x3  
  156  8:27  Robotics Facility  
  156  8:29  Zealot  
  158  8:37  Immortal  
  158  8:38  Zealot x4  
  158  8:40  Zealot x3  
  171  8:56  Robotics Facility  
  165  9:03  Zealot  
  165  9:04  Zealot x3  
  173  9:20  Immortal  
  173  9:22  Immortal  
  173  9:30  Templar Archives  
  171  9:36  Zealot x4  
  135  9:49  Zealot  
  135  9:50  Zealot x3  
  117  10:01  Immortal  
  117  10:03  Zealot x4  
  122  10:07  Immortal  
  122  10:10  Protoss Ground Weapons Level 3  
  128  10:24  Warp Prism  
  124  10:36  High Templar x2  
  124  10:37  High Templar x2  
  124  10:38  Immortal  
  124  10:42  Archon x2, Observer  
  132  10:45  Nexus  
  132  10:48  Pylon  
  137  11:02  Immortal  
  135  11:05  Immortal  
  135  11:09  High Templar x2  
  147  11:13  Archon  
  147  11:17  Zealot x5  
  157  11:22  Observer  
  158  11:27  Pylon  
  158  11:33  Nexus  
  158  11:41  Zealot  
  158  11:42  Zealot  
  158  11:43  Zealot x2  
  164  11:47  Zealot x4  
  164  11:53  Pylon  
  166  11:59  Warp Prism  
  160  12:03  Zealot  
  160  12:04  Pylon x2  
  160  12:05  Pylon  
  160  12:06  Zealot  
  162  12:11  High Templar  
  162  12:12  Observer  
  167  12:18  High Templar x3  
  167  12:22  Archon  
  165  12:28  Zealot x2  
  167  12:31  Archon  
  163  12:42  Zealot  
  163  12:43  Immortal  
  150  12:57  Zealot x5  
  160  12:59  Nexus  
  150  13:11  Zealot  
  150  13:12  Zealot  
  116  13:20  Zealot  
  116  13:21  Zealot x4  
Show
View Real Time Build Order
Export as new Build Order

SortOf Zerg 

Build Orders: Hatch First, Lurkers, Roach Hydra 

Get SALT Encoding   

  12  0:00  Drone  
  13  0:13  Overlord  
  13  0:17  Drone  
  14  0:31  Drone x2  
  16  0:48  Hatchery  
  15  0:51  Drone  
  15  0:55  Drone  
  17  1:00  Drone  
  18  1:08  Extractor  
  17  1:14  Spawning Pool  
  17  1:17  Drone  
  17  1:21  Drone  
  18  1:30  Drone  
  19  1:40  Drone  
  20  1:50  Overlord  
  20  2:00  Queen x2  
  24  2:01  Zergling x2  
  24  2:02  Zergling x2  
  26  2:12  Drone x2  
  26  2:13  Metabolic Boost  
  28  2:24  Drone x2  
  30  2:34  Drone  
  31  2:40  Hatchery  
  31  2:43  Drone  
  31  2:46  Overlord  
  31  2:50  Drone  
  32  2:55  Drone  
  33  2:59  Drone, Queen  
  36  3:08  Drone x2  
  36  3:10  Drone  
  36  3:12  Overlord  
  39  3:13  Drone  
  39  3:16  Drone  
  41  3:22  Overlord  
  41  3:25  Spore Crawler  
  40  3:27  Queen  
  40  3:30  Drone  
  40  3:32  Drone  
  45  3:40  Drone x2  
  47  3:48  Zergling x4  
  49  3:50  Spore Crawler x2, Drone  
  49  3:51  Drone x2  
  50  3:58  Drone  
  51  4:03  Zergling x2  
  51  4:04  Overlord  
  51  4:07  Queen  
  51  4:09  Spore Crawler, Drone x4  
  57  4:16  Drone  
  58  4:20  Overlord  
  58  4:21  Spore Crawler  
  58  4:23  Drone  
  58  4:24  Drone x2  
  60  4:28  Drone x2  
  63  4:31  Overlord  
  63  4:32  Lair  
  63  4:38  Overlord, Drone  
  64  4:40  Drone x2  
  64  4:44  Extractor  
  64  4:46  Roach Warren  
  64  4:52  Drone x5  
  68  4:59  Overlord  
  68  5:02  Zergling x8  
  71  5:10  Zergling x6  
  73  5:16  Drone  
  73  5:17  Drone x2, Extractor  
  73  5:19  Extractor x2  
  73  5:22  Overlord  
  73  5:28  Overlord  
  73  5:29  Drone x3  
  73  5:34  Drone x2, Hydralisk Den  
  73  5:35  Evolution Chamber  
  76  5:38  Roach x5  
  84  5:43  Drone x3  
  87  5:51  Overlord  
  87  5:52  Roach x2  
  87  5:53  Overlord  
  87  5:54  Overlord  
  90  6:01  Zerg Missile Weapons Level 1  
  90  6:02  Drone x4  
  90  6:03  Glial Reconstitution  
  94  6:05  Extractor  
  94  6:09  Drone x2  
  95  6:13  Muscular Augments  
  95  6:16  Overlord  
  95  6:24  Lurker Den  
  95  6:25  Overlord, Hatchery  
  94  6:28  Overlord  
  92  6:44  Drone x3  
  92  6:46  Drone x2  
  93  6:47  Hydralisk x7  
  93  6:52  Drone  
  108  6:54  Overlord  
  108  6:56  Drone x3  
  108  6:57  Drone  
  108  6:59  Drone x2  
  114  7:03  Overlord  
  114  7:09  Hydralisk x4  
  114  7:11  Overlord  
  115  7:23  Hydralisk x3  
  115  7:28  Roach x4  
  128  7:30  Overseer  
  128  7:36  Roach  
  128  7:37  Roach x4, Extractor  
  138  7:40  Extractor  
  136  7:46  Ravager x3  
  136  7:47  Ravager  
  136  7:49  Roach  
  136  7:50  Zergling x12  
  148  7:57  Overlord, Ravager  
  151  7:58  Roach x3  
  151  7:59  Zergling x4  
  157  8:09  Drone x2  
  157  8:11  Overlord  
  157  8:12  Grooved Spines  
  159  8:16  Lurker  
  159  8:19  Overlord  
  160  8:29  Lurker x3  
  163  8:40  Hydralisk x2  
  163  8:41  Hydralisk x2  
  166  8:46  Hydralisk x3  
  175  8:48  Drone x2  
  175  8:52  Lurker  
  172  9:06  Roach x11  
  194  9:16  Hydralisk x2  
  198  9:20  Infestation Pit  
  195  9:30  Hydralisk x4  
  175  9:38  Hydralisk  
  175  9:39  Hydralisk x6  
  175  9:42  Hydralisk x2  
  155  9:52  Roach x4  
  148  9:59  Hydralisk x3  
  114  10:07  Hydralisk x2  
  114  10:09  Queen x2  
  114  10:11  Roach x2  
  115  10:18  Roach  
  116  10:22  Roach x2  
  120  10:30  Roach x2  
  124  10:36  Drone x2  
  124  10:37  Drone x2  
  128  10:45  Hydralisk x4  
  136  10:56  Hatchery  
  135  10:58  Hydralisk x3  
  135  11:02  Hive  
  141  11:06  Zerg Missile Weapons Level 2  
  141  11:10  Drone x3  
  144  11:13  Drone x3  
  144  11:15  Queen  
  149  11:22  Hydralisk x4  
  147  11:50  Roach x11  
  154  12:05  Lurker x4  
  154  12:06  Lurker  
  155  12:12  Lurker  
  155  12:13  Overlord x2  
  155  12:14  Overlord x2  
  150  12:23  Hydralisk x4  
  150  12:26  Drone x2  
  150  12:27  Drone  
  161  12:31  Overlord  
  161  12:41  Lurker x3  
  161  12:42  Roach  
  161  12:43  Roach  
  161  12:52  Hydralisk x4  
  160  13:07  Roach x2  
  160  13:10  Roach x7  
Tags
 
Add a new tag
Caveats
  • Supply blocks, unpowered buildings, or Contaminate may cause inaccurate times.
  • Supply counts are checked every 10 seconds.